AoeStats
← WastedSpvrky

Arabia

510409092Analyzed
1v1 RM · 2d ago on Sep 30, 2026· 50m 48s· 2 players
Game mode
Random Map
Map size
Tiny (2 player)
Population
200
Speed
Normal
Resources
Standard
Victory
Conquest
Starting age
Dark Age
Ending age
Imperial Age
RankedLock teamsTeams togetherTeam positionsShared explorationLock speedFull tech treeHidden civsTurbo modeCheats
Victory
Defeat
🇺🇸 Hindustanis · United States
1014
+14
🇦🇷 Vikings · Argentina
976
-14
maijua
3:23 Loom
10:12 Feudal Age
10:58 Double-Bit Axe
10:56 Horse Collar
18:32 Forging
18:22 Scale Mail Armor
21:29 Castle Age
20:27 Gold Mining
20:41 Fletching
20:53 Padded Archer Armor
22:38 Bow Saw
22:23 Stone Mining
21:58 Pikeman
22:38 Squires
23:18 Crossbowman
25:17 Heavy Plow
26:31 Leather Archer Armor
26:49 Bodkin Arrow
28:25 Gold Shaft Mining
28:10 Leather Archer Armor
29:48 Elite Skirmisher
31:26 Ballistics
31:02 Murder Holes
36:29 Imperial Age
34:38 Chain Mail Armor
36:37 Iron Casting
36:04 Arson
37:34 Conscription
38:23 Two-Man Saw
38:31 Blast Furnace
37:39 Arbalester
39:07 Bracer
41:22 Chieftains
45:42 Crop Rotation
45:02 Elite Berserk
49:45 Plate Mail Armor
50:56 Ring Archer Armor
WastedSpvrky
6:00 Loom
8:39 Feudal Age
9:34 Double-Bit Axe
11:37 Horse Collar
21:02 Castle Age
19:46 Gold Mining
21:02 Bloodlines
22:26 Bow Saw
21:40 Crossbowman
22:11 Fletching
21:52 Crossbowman
22:53 Bodkin Arrow
24:31 Wheelbarrow
24:02 Padded Archer Armor
25:57 Wheelbarrow
26:08 Leather Archer Armor
27:23 Stone Mining
27:29 Town Watch
32:48 Imperial Age
31:36 Hand Cart
31:28 Scale Barding Armor
33:24 Fervor
34:27 Ballistics
35:21 Chemistry
34:36 Light Cavalry
35:27 Bloodlines
35:38 Chain Barding Armor
35:28 Forging
36:38 Two-Man Saw
38:03 Plate Barding Armor
38:09 Heavy Plow
38:56 Forging
39:57 Conscription
40:23 Hussar
Connection lost

Rejoining the realm…

Still unreachable

The connection could not be restored.

Session expired

The server has moved on; the page needs a fresh start.